Map: Whitewater Line LE

Players

Dink - Winner!

  • Race: Zerg Zerg
  • League: Master
  • Spawn Location: 7:00

SneakyProbe - Winner!

  • Race: Protoss Protoss
  • Spawn Location: 6:00

HearYeHearYe - Winner!

  • Race: Terran Terran
  • League: Gold
  • Spawn Location: 7:00

Diabolous

  • Race: Zerg Zerg
  • League: Silver
  • Spawn Location: 1:00

HolyWater

  • Race: Protoss Protoss
  • Spawn Location: 1:00

MacNcheese

  • Race: Protoss Protoss
  • Spawn Location: 12:00

VOD

Have the link to the VOD?

Description

Game 2

Time

  • Played on: July 2, 2019, 3:27 a.m.
  • Length: 11:41
Show
View Real Time Build Order
Export as new Build Order

Dink Zerg - Winner!

Build Orders: Pool First 

Get SALT Encoding   

  12  0:02  Drone  
  13  0:09  Drone  
  14  0:27  Spawning Pool  
  13  0:29  Drone  
  14  0:43  Extractor  
  14  0:46  Extractor, Drone x2  
  14  0:49  Overlord  
  15  1:14  Queen  
  15  1:15  Zergling x4  
  19  1:21  Zergling x2  
  20  1:29  Zergling x2  
  21  1:45  Zergling x2  
  22  1:50  Metabolic Boost  
  22  1:59  Overlord  
  22  2:21  Hatchery  
  21  2:23  Zergling x6  
  21  2:27  Overlord  
  24  2:31  Zergling x4  
  24  2:58  Zergling x10  
  28  3:11  Zergling x2  
  27  3:19  Zergling x2  
  21  3:56  Zergling x14  
  24  4:04  Zergling x2  
  25  4:11  Zergling x2  
  25  4:15  Queen  
  28  4:19  Drone  
  29  4:30  Zergling x4  
  29  4:31  Zergling x2  
  32  4:38  Zergling x2  
  33  4:53  Drone  
  33  4:56  Drone  
  33  4:58  Zergling x6  
  33  4:59  Zergling x4  
  40  5:22  Hatchery  
  39  5:36  Hatchery  
  39  5:38  Overlord x3  
  28  6:04  Zergling x2  
  28  6:06  Zergling x16  
  37  6:27  Drone x3  
  40  6:33  Drone x2  
  40  6:34  Drone x2  
  44  6:41  Drone x2  
  44  6:45  Extractor  
  45  6:49  Drone x2  
  45  6:50  Drone  
  48  6:55  Drone  
  48  6:59  Drone  
  50  7:02  Drone  
  40  7:55  Drone  
  40  7:56  Drone x8  
  49  8:08  Drone  
  49  8:09  Drone x14  
  64  8:13  Extractor  
  64  8:15  Extractor  
  64  8:16  Extractor  
  64  8:17  Extractor  
  60  8:20  Extractor, Drone  
  60  8:21  Extractor  
  59  8:43  Queen  
  59  8:45  Drone x3  
  64  8:54  Lair  
  64  8:59  Overlord x3  
  64  9:00  Overlord  
  64  9:36  Drone x3  
  67  9:41  Drone x3  
  67  9:42  Drone  
  71  9:48  Drone  
  71  9:49  Drone x2  
  74  9:56  Spire  
  73  10:03  Spire  
  72  10:08  Drone  
  72  10:10  Drone  
  75  10:14  Drone x2  
  75  10:20  Drone x3  
  79  10:24  Drone x8  
  79  10:27  Overlord  
  87  10:29  Overlord  
  87  10:32  Overlord  
  87  11:16  Mutalisk  
  113  11:22  Drone  
  113  11:25  Drone x2  
  116  11:28  Hatchery  
Show
View Real Time Build Order
Export as new Build Order

SneakyProbe Protoss - Winner!

Build Orders: 1 Gate Expand, Phoenix Opening, Carriers, Mass Phoenix 

Get SALT Encoding   

  12  0:00  Probe  
  13  0:13  Probe  
  14  0:22  Pylon  
  14  0:25  Probe  
  15  0:40  Probe  
  16  0:46  Gateway  
  16  0:52  Probe  
  17  1:04  Probe  
  18  1:16  Nexus  
  18  1:18  Probe  
  19  1:25  Assimilator  
  19  1:34  Cybernetics Core  
  19  1:40  Pylon  
  19  1:42  Probe  
  20  1:50  Probe  
  20  1:58  Probe, Assimilator  
  21  2:06  Stalker  
  22  2:08  Probe  
  23  2:19  Probe  
  26  2:26  Probe  
  26  2:27  Probe  
  27  2:34  Probe  
  27  2:35  Probe  
  30  2:44  Probe  
  30  2:49  Stargate  
  30  2:50  Probe  
  32  2:56  Probe, Assimilator  
  33  3:00  Assimilator  
  33  3:02  Probe  
  34  3:08  Probe  
  35  3:13  Stargate  
  35  3:14  Probe  
  35  3:15  Pylon  
  36  3:20  Probe  
  36  3:26  Probe  
  38  3:27  Phoenix  
  38  3:33  Probe  
  39  3:38  Probe, Protoss Air Weapons Level 1  
  42  3:45  Probe  
  42  3:46  Pylon  
  43  3:51  Probe  
  43  3:53  Phoenix  
  43  3:54  Phoenix  
  46  3:57  Probe  
  49  4:07  Probe  
  49  4:09  Probe  
  51  4:15  Phoenix  
  51  4:18  Phoenix  
  55  4:24  Pylon, Probe  
  55  4:26  Probe  
  57  4:32  Phoenix  
  57  4:43  Phoenix  
  61  4:45  Pylon  
  61  4:56  Phoenix  
  63  5:16  Phoenix  
  64  5:32  Phoenix  
  66  5:41  Phoenix  
  68  5:56  Phoenix  
  70  6:06  Phoenix  
  72  6:12  Forge  
  72  6:14  Robotics Facility  
  72  6:47  Photon Cannon  
  72  6:49  Photon Cannon  
  72  6:50  Photon Cannon  
  72  6:54  Pylon  
  72  7:19  Stargate  
  72  7:21  Fleet Beacon  
  72  7:23  Stargate  
  72  7:26  Pylon x2  
  72  8:17  Nexus  
  72  8:18  Pylon  
  72  8:20  Pylon  
  72  8:24  Assimilator  
  72  8:28  Carrier x4, Assimilator  
  72  8:30  Pylon  
  72  8:33  Pylon  
  96  8:36  Pylon  
  96  8:41  Pylon  
  96  8:52  Photon Cannon  
  96  8:54  Photon Cannon  
  96  8:55  Photon Cannon  
  96  8:58  Photon Cannon  
  96  9:00  Photon Cannon  
  96  9:03  Photon Cannon  
  96  9:06  Shield Battery  
  96  9:10  Shield Battery  
  96  9:15  Shield Battery  
  96  9:17  Photon Cannon  
  94  9:22  Carrier  
  94  9:27  Carrier x2  
  94  9:28  Carrier, Mothership  
  126  9:58  Probe  
  126  9:59  Probe  
  128  10:11  Probe x2  
  130  10:23  Probe x2, Cybernetics Core  
  130  10:25  Twilight Council  
  132  10:29  Pylon  
  132  10:30  Pylon  
  132  10:32  Pylon  
  132  10:35  Probe  
Show
View Real Time Build Order
Export as new Build Order

HearYeHearYe Terran - Winner!

Build Orders: Reaper Expand 

Get SALT Encoding   

  12  0:01  SCV  
  13  0:13  SCV  
  14  0:18  Supply Depot  
  14  0:25  SCV  
  15  0:40  SCV  
  16  0:49  Barracks  
  16  0:52  Refinery, SCV  
  17  1:04  SCV  
  18  1:16  SCV  
  19  1:40  Orbital Command, Command Center  
  19  1:42  Reaper  
  20  2:06  SCV  
  21  2:09  Refinery  
  21  2:11  Supply Depot  
  21  2:17  Barracks, Barracks Reactor  
  21  2:18  SCV  
  22  2:30  SCV  
  23  2:41  Factory  
  23  2:42  SCV  
  24  2:54  SCV  
  26  2:59  Marine x2  
  26  3:00  Orbital Command  
  26  3:05  Barracks Tech Lab  
  27  3:06  SCV  
  27  3:16  Marine x2  
  27  3:18  SCV  
  30  3:23  Supply Depot  
  30  3:25  Stimpack, Marine  
  31  3:29  Factory Reactor  
  31  3:30  Starport, SCV  
  31  3:33  SCV  
  33  3:34  Marine  
  33  3:35  Marine  
  35  3:42  Supply Depot  
  35  3:43  Marine  
  35  3:45  SCV  
  35  3:46  SCV  
  38  3:53  Marine  
  38  3:54  Marine  
  40  3:57  SCV  
  40  3:58  SCV  
  40  4:01  Supply Depot  
  40  4:02  Marine  
  43  4:09  SCV  
  44  4:10  SCV  
  44  4:11  Marine  
  44  4:15  Medivac x2  
  50  4:18  Marine  
  50  4:20  Marine  
  50  4:21  SCV  
  53  4:24  SCV  
  53  4:29  Supply Depot  
  53  4:30  Marine  
  55  4:33  SCV  
  55  4:36  Marine  
  57  4:39  SCV  
  57  4:42  Marine  
  59  4:45  SCV  
  59  4:47  Marine  
  59  4:51  SCV  
  62  4:54  Marine  
  62  4:58  SCV  
  64  5:00  Marine  
  64  5:03  Engineering Bay, Refinery, SCV, Command Center  
  64  5:04  Factory Tech Lab  
  64  5:05  Refinery  
  66  5:10  SCV, Supply Depot  
  67  5:16  SCV  
  67  5:21  Marine x2  
  70  5:31  Marine, SCV  
  72  5:38  Marine  
  72  5:39  Marine  
  72  5:46  SCV x2  
  72  5:49  Marine  
  65  5:50  Siege Tank  
  65  5:54  Missile Turret, Barracks  
  65  5:56  Marine x2  
  70  5:57  Terran Infantry Weapons Level 1  
  70  5:58  Missile Turret, SCV x2  
  72  6:07  Marine, Combat Shield  
  72  6:09  Medivac  
  72  6:10  SCV x2  
  77  6:14  Marine x2  
  78  6:24  Marine  
  79  6:32  Marine x2  
  80  6:38  Siege Tank  
  80  6:39  Orbital Command  
  81  6:40  SCV x2  
  81  6:42  Marine, Barracks  
  84  6:50  Marine x2  
  84  6:51  Armory  
  84  6:52  Marine x2, SCV  
  89  6:55  Engineering Bay  
  89  6:59  SCV  
  89  7:00  Marine  
  91  7:04  Barracks, SCV  
  91  7:07  Marine  
  93  7:14  Marine x3, SCV  
  97  7:16  SCV  
  97  7:19  Supply Depot x2  
  97  7:21  Supply Depot  
  98  7:26  SCV  
  98  7:29  SCV  
  98  7:34  Marine x4  
  98  7:35  Marauder  
  93  7:45  Terran Infantry Armor Level 1  
  93  7:50  Barracks, SCV  
  83  7:51  Marine  
  83  7:52  Marine x3, Barracks  
  83  7:55  Barracks  
  83  7:56  Marine  
  86  8:04  Missile Turret  
  82  8:09  Marine x2  
  82  8:10  Marine  
  84  8:14  SCV, Marauder  
  84  8:15  SCV x2  
  84  8:16  Marine  
  90  8:26  SCV  
  90  8:27  Marine x2, SCV x2  
  92  8:32  Missile Turret  
  95  8:34  Marine x2  
  95  8:37  Barracks Reactor  
  95  8:38  SCV  
  98  8:43  SCV x2  
  100  8:51  SCV  
  100  8:54  Marine  
  100  8:55  Barracks Reactor x2, SCV x2  
  104  8:56  Barracks Tech Lab  
  104  9:03  Terran Infantry Weapons Level 2  
  104  9:10  Barracks Reactor  
  104  9:13  SCV x3  
  107  9:18  Missile Turret  
  107  9:25  Marine x5, SCV x2  
  114  9:32  Marine x4  
  114  9:34  SCV  
  114  9:37  SCV x2  
  121  9:42  Marine  
  121  9:43  Marine x2  
  121  9:44  Marine, Marauder  
  127  9:46  SCV  
  127  9:49  SCV x2, Medivac  
  127  9:50  Marine  
  133  9:56  Supply Depot  
  133  9:57  Supply Depot  
  133  10:00  Supply Depot  
  133  10:10  Supply Depot, SCV  
  133  10:11  Supply Depot  
  133  10:18  Marine x6, SCV, Siege Tank  
  133  10:19  Marine x4, SCV, Medivac  
  144  10:22  SCV  
  125  10:30  SCV  
  125  10:31  Marine, SCV  
  125  10:34  SCV  
  119  10:35  Marine x4  
  119  10:36  Marine x2  
  119  10:42  SCV  
  123  10:43  SCV  
  123  10:51  Marine x3  
  123  10:56  Marine x4  
  123  10:57  Marine x3, Marauder  
  125  10:59  Siege Tank  
  125  11:00  Medivac  
  125  11:01  SCV x2  
  118  11:12  Marine x3  
  118  11:13  Marine x2  
  118  11:14  Marine, Marauder  
  118  11:15  Command Center  
  126  11:19  Marine, Marauder  
  126  11:22  SCV x2  
Show
View Real Time Build Order
Export as new Build Order

Diabolous Zerg 

Build Orders: Pool First 

Get SALT Encoding   

  12  0:02  Drone  
  13  0:08  Drone  
  14  0:18  Overlord  
  14  0:37  Drone, Spawning Pool  
  14  0:41  Drone  
  15  0:46  Drone  
  16  0:52  Drone  
  17  1:03  Drone  
  18  1:10  Drone  
  19  1:25  Overlord  
  19  1:27  Queen  
  19  1:31  Extractor  
  20  1:33  Extractor  
  19  2:00  Zergling x2  
  22  2:01  Zergling x4  
  22  2:02  Hatchery  
  21  2:35  Zergling x6  
  23  2:55  Zergling x6  
  23  3:15  Queen  
  23  3:17  Drone  
  26  3:26  Drone x2  
  28  3:29  Lair  
  24  4:05  Zergling x18  
  33  4:30  Drone  
  33  4:31  Drone  
  35  4:32  Overlord x2  
  35  4:44  Spire  
  34  4:56  Drone x6  
  28  5:43  Drone  
  28  5:44  Drone x6  
  34  6:00  Queen  
  30  6:17  Mutalisk x6  
  41  7:06  Drone  
  41  7:07  Drone x5  
  41  7:08  Hydralisk Den  
  38  8:04  Mutalisk x6  
  38  8:05  Mutalisk  
  48  8:32  Extractor  
  47  8:35  Extractor  
  46  8:47  Overlord  
  46  8:48  Overlord x3  
  46  9:00  Mutalisk  
  46  9:01  Mutalisk x2  
  22  9:57  Spore Crawler x2  
  20  10:00  Spore Crawler  
  19  10:10  Overlord x3  
  19  10:52  Hydralisk  
  19  10:53  Hydralisk x2  
Show
View Real Time Build Order
Export as new Build Order

HolyWater Protoss 

Build Orders: Double Forge 

Get SALT Encoding   

  12  0:01  Probe  
  13  0:14  Probe  
  14  0:23  Pylon  
  14  0:24  Probe  
  15  0:37  Probe  
  16  0:47  Probe  
  17  0:51  Gateway  
  17  1:02  Probe  
  18  1:08  Assimilator  
  18  1:14  Probe  
  19  1:26  Probe  
  19  1:31  Pylon  
  20  1:38  Zealot  
  20  1:39  Probe  
  23  1:51  Pylon, Probe  
  23  2:03  Probe  
  23  2:05  Zealot  
  23  2:07  Assimilator  
  26  2:15  Probe, Cybernetics Core  
  27  2:32  Zealot  
  27  2:34  Probe  
  30  2:40  Forge  
  30  2:43  Forge  
  28  2:59  Zealot  
  30  3:06  Probe  
  30  3:10  Gateway  
  30  3:11  Warp Gate  
  31  3:26  Zealot  
  33  3:37  Protoss Ground Armor Level 1  
  33  3:39  Protoss Ground Weapons Level 1  
  31  3:49  Nexus  
  31  3:53  Stalker  
  33  3:58  Photon Cannon  
  31  4:10  Probe  
  31  4:13  Photon Cannon  
  32  4:19  Photon Cannon  
  32  4:24  Sentry  
  34  4:30  Photon Cannon  
  34  4:37  Pylon  
  34  4:58  Gateway  
  34  5:01  Pylon, Probe  
  34  5:04  Gateway  
  35  5:15  Pylon  
  35  5:22  Forge  
  35  5:32  Photon Cannon  
  35  5:56  Stalker  
  35  5:57  Stalker x2  
  39  5:59  Probe  
  42  6:12  Probe  
  42  6:17  Stalker  
  45  6:20  Sentry  
  45  6:21  Zealot  
  45  6:24  Probe  
  45  6:36  Probe  
  45  6:39  Probe  
  41  6:48  Probe  
  41  6:51  Probe  
  41  6:53  Photon Cannon  
  43  7:00  Probe  
  44  7:02  Photon Cannon  
  44  7:03  Probe  
  45  7:12  Probe  
  46  7:15  Probe  
  47  7:24  Probe  
  47  7:27  Probe  
  49  7:36  Probe  
  37  7:40  Probe  
  17  7:52  Probe  
  18  8:04  Probe  
  19  8:06  Nexus  
  19  8:08  Pylon  
  19  8:16  Probe  
  20  8:28  Probe  
  20  8:33  Shield Battery  
  21  8:35  Gateway  
  21  8:40  Probe  
  22  8:52  Probe  
  22  8:53  Gateway  
  23  8:57  Stalker  
  25  9:04  Probe  
  26  9:13  Pylon  
  26  9:16  Probe  
  19  9:46  Stalker x2  
  19  9:47  Stalker  
  19  9:48  Stalker  
  26  10:06  Probe  
  27  10:11  Twilight Council  
  27  10:19  Probe  
  28  10:35  Photon Cannon  
  20  11:00  Zealot  
  20  11:01  Zealot x2  
Show
View Real Time Build Order
Export as new Build Order

MacNcheese Protoss 

Build Orders:  

Get SALT Encoding   

  12  0:03  Probe  
  13  0:15  Probe  
  14  0:28  Pylon  
  14  0:29  Probe  
  15  0:42  Probe  
  16  0:50  Probe  
  16  0:53  Gateway  
  17  1:01  Probe  
  18  1:09  Probe  
  18  1:17  Probe  
  19  1:20  Assimilator  
  20  1:29  Forge, Gateway  
  20  1:33  Assimilator  
  20  1:36  Probe  
  21  1:46  Cybernetics Core  
  21  1:47  Pylon  
  21  1:50  Probe  
  22  2:02  Probe  
  23  2:22  Stalker x2, Photon Cannon  
  25  2:25  Warp Gate  
  25  2:31  Photon Cannon  
  27  2:55  Pylon  
  27  3:15  Stalker  
  27  3:16  Stalker  
  31  3:24  Nexus  
  31  3:26  Probe  
  32  3:38  Probe  
  33  3:49  Photon Cannon  
  33  3:52  Pylon  
  33  4:11  Twilight Council  
  33  4:16  Gateway x2  
  33  4:28  Pylon  
  33  4:30  Probe  
  34  4:47  Stalker  
  34  4:48  Stalker  
  38  4:56  Dark Shrine  
  38  5:11  Stalker  
  38  5:12  Stalker  
  42  5:18  Photon Cannon  
  42  5:22  Assimilator  
  42  5:30  Assimilator  
  36  5:53  Stalker x3  
  36  5:54  Stalker  
  37  6:05  Probe  
  38  6:15  Probe  
  38  6:19  Probe  
  40  6:44  Dark Templar  
  40  6:45  Dark Templar  
  44  6:50  Probe  
  45  6:54  Probe  
  45  6:58  Probe  
  46  7:06  Probe  
  48  7:21  Pylon, Probe x2  
  50  7:52  Dark Templar x3  
  50  7:56  Probe  
  56  8:00  Probe  
  56  8:05  Probe  
  58  8:12  Probe  
  56  8:14  Probe  
  56  8:17  Photon Cannon  
  57  8:21  Blink  
  57  8:24  Probe  
  57  8:26  Probe  
  59  8:28  Pylon  
  59  8:36  Probe  
  59  8:38  Probe  
  61  8:55  Photon Cannon  
  61  8:56  Photon Cannon  
  61  9:08  Archon  
  61  9:29  Stalker  
  61  9:30  Stalker x3  
  65  9:57  Stalker x3  
  65  9:58  Stalker  
  47  10:34  Probe  
  33  10:44  Dark Templar x3  
  33  10:46  Probe  
  10  11:12  Stalker  
Tags
 
Add a new tag
Caveats
  • Supply blocks, unpowered buildings, or Contaminate may cause inaccurate times.
  • Supply counts are checked every 10 seconds.